 Dungeon Crawl Stone Soup version 0.28.0-53-g5a82cb258f (webtiles) character file.

Game seed: 1506779531727780241

73220 quokkamancerX the Bludgeoner (level 15, -5/117 (122) HPs)
             Began as a Demonspawn Berserker on May 31, 2022.
             Was the Champion of Trog.
             Slain by a sun demon (15 damage)
             ... summoned by an orc sorcerer
             ... while paralysed by an orc sorcerer
             ... on level 2 of the Orcish Mines on June 1, 2022.
             The game lasted 01:13:35 (21174 turns).

quokkamancerX the Bludgeoner (DsBe)                Turns: 21174, Time: 01:13:35

HP:   -5/117 (122)  AC: 22    Str: 26    XL:     15   Next: 3%
MP:   15/15         EV:  2    Int: 11    God:    Trog [******]
Gold: 2250          SH:  0    Dex: 13    Spells: 14/14 levels left

rFire   . . .      SeeInvis +   a - +9 great mace of Irrepressible Laughter {freeze, Str+2}
rCold   . . .      Faith    .   (shield currently unavailable)
rNeg    . . .      Spirit   .   K - +5 ring mail of the Sky {rPois}
rPois   +          Reflect  .   J - +3 crown of Dyrovepreva {rElec Int+2 SInv}
rElec   +          Harm     .   s - +2 cloak
rCorr   .          Rampage  .   (gloves unavailable)
Will    +....                   E - +2 pair of boots {Stlth+}
Stlth   ++........              z - amulet of the acrobat
HPRegen 0.29/turn               Q - +4 ring of slaying
MPRegen 0.14/turn               o - +4 ring of evasion

@: paralysed, lightly drained
A: icy blue scales 2, powered by death 3, demonic touch 3
a: Renounce Religion, Berserk, Trog's Hand, Brothers in Arms


You were on level 2 of the Orcish Mines.
You worshipped Trog.
Trog was exalted by your worship.
You visited 4 branches of the dungeon, and saw 21 of its levels.
You also visited: Ice Cave and Volcano.

You collected 2463 gold pieces.
You spent 213 gold pieces at shops.

Inventory:

Hand Weapons
 a - the +9 great mace of Irrepressible Laughter (weapon) {freeze, Str+2}
   (You acquired it on level 7 of the Dungeon)

   It freezes those it strikes, dealing additional cold damage.
   It can also slow down cold-blooded creatures.
   Str:       It affects your strength (+2).
Missiles
 f - 2 throwing nets
 n - 13 boomerangs (quivered)
 v - 6 curare-tipped darts
Armour
 s - a +2 cloak (worn)
 E - a +2 pair of boots of stealth (worn)
 J - the +3 crown of Dyrovepreva (worn) {rElec Int+2 SInv}
   (You found it on level 9 of the Dungeon)

   Int:       It affects your intelligence (+2).
   rElec:     It insulates you from electricity.
   SInv:      It lets you see invisible.
 K - the +5 ring mail of the Sky (worn) {rPois}
   (You found it on level 9 of the Dungeon)

   rPois:     It protects you from poison.
Jewellery
 g - a ring of willpower
 h - a ring of resist corrosion
 m - a ring of protection from fire
 o - a +4 ring of evasion (right hand)
 z - an amulet of the acrobat (around neck)
 I - a ring of protection from cold
 Q - a +4 ring of slaying (left hand)
Wands
 r - a wand of flame (50)
 x - a wand of polymorph (19)
 y - a wand of digging (5)
 D - a wand of paralysis (12)
 H - a wand of acid (15)
 N - a wand of charming (4)
 R - a wand of mindburst (5)
Scrolls
 c - 6 scrolls of immolation
 d - 5 scrolls of vulnerability
 i - a scroll of identify
 l - 6 scrolls of teleportation
 q - a scroll of summoning
 t - 4 scrolls of fear
 w - 4 scrolls of enchant weapon
 A - 2 scrolls of holy word
 B - 2 scrolls of blinking
 C - 6 scrolls of fog
 W - 5 scrolls of enchant armour
Potions
 b - 9 potions of curing
 e - 2 potions of invisibility
 j - 6 potions of mutation
 k - 3 potions of resistance
 p - 6 potions of heal wounds
 u - 2 potions of flight
 F - 6 potions of ambrosia
 G - 3 potions of lignification
 M - 2 potions of might
 O - 3 potions of attraction
 T - 3 potions of haste
 U - a potion of cancellation


   Skills:
 + Level 12.7 Fighting
 - Level 20.0 Maces & Flails
 - Level 1.7 Armour
 + Level 7.6 Dodging
 - Level 6.0 Evocations


You had 14 spell levels left.
You didn't know any spells.
Your spell library was empty.

Dungeon Overview and Level Annotations

Branches:
Dungeon (12/15)            Temple (0/1) D:7            Lair (6/6) D:11
  Swamp (0/4) Lair:2        Snake (1/4) Lair:2        Slime (0/5) Lair:5
    Orc (2/2) D:10            Elf (0/3) Orc:2         IceCv (visited)
Volcano (visited)

Altars:
Ashenzari
Kikubaaqudgha
Makhleb
Okawaru
Ru
Uskayaw
Wu Jian

Shops:
D:6 [   D:10 *   Orc:1 !


Innate Abilities, Weirdness & Mutations

You are mostly covered in icy blue scales. (AC +3)
You regenerate a lot of health from kills.
Your touch may irresistibly damage your foes and sap their willpower.


Message History

The orc warrior hits you but does no damage.
The orc hits you but does no damage. The ogre hits you with a +0 giant club.
The ogre hits you with a +0 giant spiked club!
The orc warrior hits you but does no damage.
The orc hits you but does no damage.
An orc comes into view. It is wielding a +0 flail. x2
The ogre hits you with a +0 giant club!!
The ogre hits you with a +0 giant spiked club!
The orc warrior hits you with a +0 scimitar!
The orc hits you but does no damage. The orc hits you but does no damage.
The ogre hits you with a +0 giant club.
The orc warrior hits you but does no damage.
An orc comes into view. It is wielding a +0 whip.
The orc hits you but does no damage.
The orc sorcerer gestures wildly while chanting.
The ogre barely misses you.
The orc shouts! x2; You hear a shout! x4
An orc priest comes into view. It is wielding a +0 flail.
The orc hits you but does no damage.
The orc warrior hits you with a +0 scimitar.
An orc priest comes into view. It is wielding a +0 hand axe.
The orc sorcerer mumbles some strange words.
You hear a shout!
The sun demon hits you but does no damage.
The ogre hits you with a +0 giant club!
* * * LOW HITPOINT WARNING * * *
An orc comes into view. It is wielding a +0 dagger.
The ogre hits you with a +0 giant spiked club!
* * * LOW HITPOINT WARNING * * *
The orc hits you with a +0 whip.
* * * LOW HITPOINT WARNING * * *
The orc hits you with a +0 club.
* * * LOW HITPOINT WARNING * * *
The orc hits you but does no damage.
The orc warrior hits you but does no damage.
The sun demon hits you.
* * * LOW HITPOINT WARNING * * *
You are engulfed in flames!
You die...

.....###...
#.....#.#... .#
..$.....#.. ...
#......... .
....##.......# o.
#.........####.o.
#.....<...#..o..o
#.........oo...o..
#...#..##3@oo.....
##. ###.oOOo......
.....4.........
#...............
..........##....
#.##.....#. ..## #
##....... ...
##.....#. ..


You could see a sun demon (summoned), an orc sorcerer, a red devil (summoned),
an orc warrior, 2 ogres, 2 orc priests and 7 orcs.

Vanquished Creatures
  Kirke (D:12)
  Snorg (D:10)
  2 fire dragons
  Fannar (D:12)
  7 hydras
  Harold (D:8)
  3 boulder beetles
  A centaur warrior (D:9)
  2 two-headed ogres
  3 death yaks (Lair:6)
  Urug (Lair:6)
  Sonja (Lair:4)
  Nergalle (D:11)
  4 sun demons (Volcano)
  A swamp dragon (Lair:6)
  An orc knight (Orc:1)
  2 deep elf pyromancers (D:9)
  2 ugly things (IceCv)
  A will-o-the-wisp (Lair:2)
  2 cyclopes
  A manticore (D:8)
  A wolf spider (Lair:6)
  11 elephants
  2 ice statues (IceCv)
  6 black mambas
  A smoke demon (Volcano)
  A guardian serpent (Lair:6)
  20 cane toads
  A kobold demonologist (D:10)
  5 rime drakes
  11 komodo dragons
  A queen bee (Lair:1)
  4 trolls
  2 polar bears (Lair:1)
  6 hornets
  15 slime creatures
  8 dream sheep
  6 blink frogs
  A slime creature (shapeshifter) (D:9)
  Sigmund (D:4)
  13 wyverns
  45 yaks
  2 wraiths
  3 fire bats (Lair:6)
  Eustachio (D:4)
  3 hogs (D:12)
  6 basilisks
  2 redbacks (Lair:6)
  4 steam dragons
  Edmund (D:4)
  5 wargs
  8 vampire mosquitoes
  Duvessa (D:6)
  20 water moccasins
  A hell hound (Volcano)
  5 acid dragons
  2 sky beasts
  16 orc warriors
  2 swamp drakes (Lair:6)
  5 ice beasts
  4 black bears
  17 wolves
  An ogre (D:6)
  2 centaurs
  13 bullfrogs
  5 kobold brigands
  Blork the orc (D:4)
  A wyvern zombie (D:7)
  3 gnoll sergeants
  A cane toad simulacrum (IceCv)
  3 scorpions
  Dowan (D:6)
  An elephant simulacrum (IceCv)
  29 killer bees
  9 wights
  2 electric eels (Lair:1)
  2 howler monkeys (D:9)
  A bullfrog zombie (D:3)
  5 centaur zombies
  8 orc priests
  A gnoll shaman (D:9)
  Crazy Yiuf (D:4)
  5 jellies
  A centaur skeleton (D:7)
  16 orc wizards
  19 iguanas
  6 hell rats (Lair:3)
  Natasha (thrice) (D:2)
  A polar bear simulacrum (IceCv)
  A scorpion zombie (D:5)
  A killer bee zombie (D:7)
  2 howler monkey zombies
  4 gnolls (D:11)
  8 adders
  A howler monkey skeleton (D:7)
  14 white imps
  An adder skeleton (D:4)
  A worm (D:2)
  5 dart slugs
  43 orcs
  9 endoplasms
  2 giant cockroaches
  10 goblins
  6 hobgoblins
  16 jackals
  5 quokkas
  10 ball pythons
  6 bats
  2 frilled lizards (D:2)
  17 kobolds
  9 rats
  A plant (Lair:6)
623 creatures vanquished.

Vanquished Creatures (collateral kills)
  A basilisk (Lair:6)
1 creature vanquished.

Vanquished Creatures (others)
  2 bushes (Lair:6)
  2 foxfires (Lair:2)
  23 fungi
  57 plants
84 creatures vanquished.

Grand Total: 708 creatures vanquished

Notes
Turn   | Place    | Note
-------+----------+-------------------------------------------
     0 | D:1      | quokkamancerX the Demonspawn Berserker began the quest for
                  | the Orb.
     0 | D:1      | Reached XP level 1. HP: 18/18 MP: 1/1
   175 | D:1      | Reached skill level 3 in Maces & Flails
   192 | D:1      | Found a faded altar of an unknown god.
   304 | D:1      | Gained mutation: You regenerate a little health from kills.
                  | [demonic ancestry]
   304 | D:1      | Reached XP level 2. HP: 19/24 MP: 2/2
  1001 | D:1      | Reached XP level 3. HP: 25/29 MP: 3/3
  1123 | D:1      | Reached ** piety under Trog
  1132 | D:1      | Reached skill level 4 in Maces & Flails
  1983 | D:2      | Reached XP level 4. HP: 23/35 MP: 4/4
  2182 | D:2      | Noticed Natasha
  2196 | D:2      | Killed Natasha
  2633 | D:2      | Noticed Natasha
  2648 | D:2      | Killed Natasha
  2649 | D:2      | Reached skill level 5 in Maces & Flails
  2876 | D:2      | Noticed Natasha
  2885 | D:2      | Killed Natasha
  2886 | D:2      | Gained mutation: You regenerate health from kills. [demonic
                  | ancestry]
  2886 | D:2      | Reached XP level 5. HP: 7/41 MP: 5/5
  3160 | D:3      | Found a burning altar of Makhleb.
  3252 | D:3      | Noticed a water moccasin
  3266 | D:3      | Killed a water moccasin
  3267 | D:3      | Reached skill level 6 in Maces & Flails
  3267 | D:3      | Gained mutation: You are partially covered in icy blue
                  | scales. (AC +2) [demonic ancestry]
  3267 | D:3      | Reached XP level 6. HP: 33/47 MP: 6/6
  3665 | D:3      | Found an ornate altar of the Wu Jian Council.
  4433 | D:4      | Noticed Eustachio
  4464 | D:4      | Killed Eustachio
  4465 | D:4      | Reached skill level 7 in Maces & Flails
  4465 | D:4      | Gained mutation: You regenerate a lot of health from kills.
                  | [demonic ancestry]
  4465 | D:4      | Reached XP level 7. HP: 52/52 MP: 7/7
  4820 | D:4      | Reached *** piety under Trog
  4894 | D:4      | Noticed Blork the orc
  4908 | D:4      | Killed Blork the orc
  4909 | D:4      | Reached skill level 8 in Maces & Flails
  4993 | D:4      | Found a runed translucent door.
  4994 | D:4      | Noticed Crazy Yiuf
  5001 | D:4      | Killed Crazy Yiuf
  5068 | D:4      | Found a sacrificial altar of Ru.
  5117 | D:4      | Noticed Sigmund
  5126 | D:4      | Killed Sigmund
  5271 | D:5      | Entered Level 5 of the Dungeon
  5276 | D:5      | Noticed Edmund
  5291 | D:4      | Reached skill level 9 in Maces & Flails
  5291 | D:4      | Reached XP level 8. HP: 38/58 MP: 8/8
  5342 | D:4      | Killed Edmund
  5976 | D:6      | Found Sieclod's Armour Emporium.
  6056 | D:6      | Reached skill level 10 in Maces & Flails
  6478 | D:6      | Noticed Duvessa
  6481 | D:6      | Noticed Dowan
  6486 | D:6      | Killed Duvessa
  6487 | D:6      | Reached skill level 5 in Fighting
  6493 | D:6      | Killed Dowan
  6494 | D:6      | Gained mutation: Your touch may inflict minor irresistible
                  | damage on your foes. [demonic ancestry]
  6494 | D:6      | Reached XP level 9. HP: 68/68 MP: 9/9
  6836 | D:7      | Identified a scroll of acquirement
  6869 | D:7      | Acquired the +9 great mace of Irrepressible Laughter
                  | {freeze, Str+2}
  6918 | D:7      | Reached skill level 11 in Maces & Flails
  6992 | D:7      | Noticed a boulder beetle
  7029 | D:7      | Killed a boulder beetle
  7072 | D:7      | Reached skill level 12 in Maces & Flails
  7291 | D:7      | Gained mutation: Your touch may inflict irresistible damage
                  | on your foes. [demonic ancestry]
  7291 | D:7      | Reached XP level 10. HP: 72/79 MP: 10/10
  7445 | D:7      | Noticed a cyclops
  7462 | D:7      | Killed a cyclops
  7467 | D:7      | Found a staircase to the Ecumenical Temple.
  7527 | D:8      | Noticed a manticore
  7535 | D:8      | Killed a manticore
  7595 | D:8      | Acquired a +2 pair of boots of stealth
  7671 | D:8      | Noticed Harold
  7689 | D:8      | Killed Harold
  7820 | D:8      | Reached **** piety under Trog
  7840 | D:8      | Reached skill level 13 in Maces & Flails
  7911 | D:8      | Noticed a two-headed ogre
  7927 | D:8      | Killed a two-headed ogre
  8727 | D:10     | Entered Level 10 of the Dungeon
  8840 | D:9      | Found a broken altar of Ashenzari.
  9074 | D:9      | Reached XP level 11. HP: 87/87 MP: 11/11
  9185 | D:9      | Reached skill level 14 in Maces & Flails
  9236 | D:9      | Identified the +5 trident of Kisiwoyr {chaos, rPois}
  9240 | D:9      | Noticed a deep elf pyromancer
  9245 | D:9      | Killed a deep elf pyromancer
  9246 | D:9      | Found the +3 crown of Dyrovepreva {rElec Int+2 SInv}
  9262 | D:9      | Identified the +5 ring mail of the Sky {rPois}
  9458 | D:9      | Noticed a two-headed ogre
  9466 | D:9      | Killed a two-headed ogre
  9595 | D:9      | Reached skill level 10 in Fighting
  9626 | D:9      | Noticed a deep elf pyromancer
  9626 | D:9      | Noticed a centaur warrior
  9633 | D:9      | Killed a centaur warrior
  9634 | D:9      | Reached skill level 15 in Maces & Flails
  9634 | D:9      | Reached ***** piety under Trog
  9646 | D:9      | Killed a deep elf pyromancer
 10316 | D:10     | Noticed Snorg
 10364 | D:10     | Killed Snorg
 10365 | D:10     | Reached XP level 12. HP: 46/97 MP: 12/12
 10590 | D:10     | Found a staircase to the Orcish Mines.
 10696 | D:10     | Found Osmych's General Store.
 10700 | D:10     | Bought a scroll of identify for 30 gold pieces
 10700 | D:10     | Bought a potion of curing for 45 gold pieces
 10700 | D:10     | Bought a potion of curing for 45 gold pieces
 10700 | D:10     | Bought a scroll of noise for 15 gold pieces
 10908 | D:10     | Reached skill level 16 in Maces & Flails
 11067 | D:11     | Noticed a seven-headed hydra
 11079 | D:11     | Killed a seven-headed hydra
 11080 | D:11     | Reached skill level 1 in Evocations
 11153 | D:11     | Found a frozen archway.
 11206 | IceCv    | Entered an ice cave
 11231 | IceCv    | Found a transporter.
 11239 | IceCv    | Found a transporter.
 11244 | IceCv    | Identified the +2 cloak of Ufucotapn {rElec rCorr Str-3
                  | Slay-4}
 11563 | IceCv    | Identified the +2 leather armour of Zin's Scorn {rElec rC+
                  | Regen+ Int+4}
 11597 | D:11     | Found a staircase to the Lair.
 11926 | D:11     | Noticed a six-headed hydra
 11933 | D:11     | Killed a six-headed hydra
 12030 | D:11     | Noticed Nergalle
 12040 | D:11     | Killed Nergalle
 12340 | D:12     | Noticed Kirke
 12362 | D:12     | Reached skill level 17 in Maces & Flails
 12446 | D:12     | Killed Kirke
 12524 | D:12     | Reached skill level 5 in Evocations
 12532 | D:12     | Received a gift from Trog
 12848 | D:12     | Noticed Fannar
 12864 | D:12     | Killed Fannar
 13163 | Lair:1   | Entered Level 1 of the Lair of Beasts
 13216 | Lair:1   | Reached XP level 13. HP: 103/103 MP: 13/13
 13614 | Lair:1   | Reached skill level 18 in Maces & Flails
 13786 | Lair:1   | Found an iron altar of Okawaru.
 14253 | Lair:2   | Found a staircase to the Swamp.
 14462 | Lair:2   | You fall into a shaft and drop 2 floors!
 14956 | Lair:4   | Noticed Sonja
 14975 | Lair:4   | Killed Sonja
 15813 | Lair:3   | Found an ancient bone altar of Kikubaaqudgha.
 15920 | Lair:3   | Reached skill level 19 in Maces & Flails
 16082 | Lair:3   | Received a gift from Trog
 16808 | Lair:2   | Reached ****** piety under Trog
 16855 | Lair:2   | Found a staircase to the Snake Pit.
 17451 | Snake:1  | Entered Level 1 of the Snake Pit
 17509 | Lair:5   | Found a hide-covered altar of Uskayaw.
 17509 | Lair:5   | Found an ornate altar of the Wu Jian Council.
 17867 | Lair:5   | Gained mutation: Your touch may irresistibly damage your
                  | foes and sap their willpower. [demonic ancestry]
 17867 | Lair:5   | Reached XP level 14. HP: 110/110 MP: 14/14
 17979 | Lair:5   | Reached skill level 20 in Maces & Flails
 18003 | Lair:5   | Found a staircase to the Slime Pits.
 18474 | Lair:6   | Entered Level 6 of the Lair of Beasts
 18910 | Lair:6   | Found a dark tunnel.
 18923 | Volcano  | Entered a volcano
 18967 | Volcano  | Reached skill level 5 in Dodging
 19544 | Lair:6   | Received a gift from Trog
 20005 | Lair:6   | Identified the +11 hand axe of Bisauc {vamp, Will+ MP+9
                  | Int+3}
 20005 | Lair:6   | Noticed Urug
 20018 | Lair:6   | Killed Urug
 20628 | Orc:1    | Entered Level 1 of the Orcish Mines
 20628 | Orc:1    | Found Dunweuma's Distillery.
 20645 | Orc:1    | Gained mutation: You are mostly covered in icy blue scales.
                  | (AC +3) [demonic ancestry]
 20645 | Orc:1    | Reached XP level 15. HP: 106/122 MP: 15/15
 20664 | Orc:1    | Bought a potion of curing for 39 gold pieces
 20664 | Orc:1    | Bought a potion of curing for 39 gold pieces
 21108 | Orc:2    | Entered Level 2 of the Orcish Mines
 21108 | Orc:2    | Found a staircase to the Elven Halls.
 21168 | Orc:2    | Paralysed by an orc sorcerer for 7 turns
 21174 | Orc:2    | Slain by a sun demon

Illustrated notes

Levels and vault maps discovered:
D:1:      saegor_arrival_simple_e, layout_basic, shapermc_ecumenical_altar_gd
D:2:      layout_loops_ring, uniq_natasha
D:3:      minmay_general_purpose_star, layout_loops_ring,
          mainiacjoe_overflow_large_starburst
D:4:      layout_rooms, nicolae_ru_the_path_less_chosen, uniq_eustachio,
          uniq_blork_the_orc, uniq_sigmund, uniq_crazy_yiuf_cottage
D:5:      layout_rooms, lemuel_flamethrower_1, uniq_edmund
D:6:      layout_loops_corners, serial_shops, nicolae_diamond_shop, uniq_duvessa
D:7:      layout_cave_pools, minmay_temple_entry_waves, st_stairs_3,
          kennysheep_decorative_pillar, minmay_holes, minmay_circle_x
D:8:      layout_basic, uniq_harold
D:9:      wad_guarded_room, layout_loops_corners, lemuel_doored_altar,
          minmay_the_grid_2x2 [minmay_the_grid_minigrid_medium,
          minmay_the_grid_doors, minmay_the_grid_dragon_a,
          minmay_the_grid_prize_four_corners_diamond_b]
D:10:     layout_cave_pods, orc_0_dummy, serial_shops,
          nicolae_shop_advertising_works [nicolae_subvault_shop_adworks],
          uniq_snorg
D:11:     layout_loops_ring, erik_lair_orcish_takeover,
          portal_ice_cave_entry_imps, uniq_nergalle
D:12:     layout_gridville, hangedman_abyss_or_decor_passed,
          serial_park_tiny_pond, uniq_kirke, uniq_fannar
Lair:1:   beast_lair_carwin_large_4, layout_gridlike, basic_altar, special_room
          [special_room_bee]
Lair:2:   layout_concentric_octagons, minmay_swamp_entry_wisps,
          minmay_snake_entry_six_corridors, grunt_megastairs_4
Lair:3:   layout_gridlike, basic_altar, minivault_25, nzn_random_ring,
          infiniplex_staircase_pool, grunt_megastairs_2
Lair:4:   layout_cellular_growth, serial_bayou_pond_e, uniq_sonja
Lair:5:   layout_loops_ring, nicolae_slime_entry_slimehenge,
          serial_bayou_pond_d, nzn_masters_of_martial_movement
Lair:6:   hangedman_lair_tendril_chambers, layout_loops_ring,
          guppyfry_lair_end_dragon, nicolae_volcano_entry_batcave, minivault_25,
          uniq_urug
Snake:1:  layout_onion_interference, nicolae_snake_salamander_jacuzzi
Orc:1:    layout_caves, serial_shops, nicolae_shop_stone
Orc:2:    st_orc_pillars, layout_caves, gammafunk_ghost_fury_of_okawaru

Skill      XL: |  1  2  3  4  5  6  7  8  9 10 11 12 13 14 |
---------------+-------------------------------------------+-----
Maces & Flails | 3 4 5 6 7 9 10 12 13 15 17 19 20 | 20.0
Fighting       | 5 7 8 10 12 | 12.7
Evocations     | 5 6 |  6.0
Dodging        | 7 |  7.6
Armour         | |  1.7

Action                   |  1- 3 |  4- 6 |  7- 9 | 10-12 | 13-15 || total
-------------------------+-------+-------+-------+-------+-------++-------
Melee: Mace              |   146 |    93 |       |       |       ||   239
       Punch             |     2 |       |     2 |       |       ||     4
       Morningstar       |       |    81 |   247 |       |       ||   328
       Great mace        |       |       |    65 |   467 |   724 ||  1256
       Touch             |       |       |     1 |       |       ||     1
Throw: Boomerang         |       |     1 |       |     1 |       ||     2
       Dart              |       |       |       |     1 |       ||     1
Invok: Berserk           |     1 |     5 |     8 |     4 |     2 ||    20
       Trog's Hand       |       |       |     4 |     1 |     1 ||     6
       Brothers in Arms  |       |       |       |       |     1 ||     1
  Use: Scroll            |       |     3 |     6 |    13 |     7 ||    29
       Potion            |       |       |       |     1 |       ||     1
 Stab: Sleeping          |     3 |       |       |       |     1 ||     4
       Invisible         |       |       |       |     2 |       ||     2
       Distracted        |       |       |       |       |     2 ||     2
       Confused          |       |       |       |       |     1 ||     1
Armor: Animal skin       |    22 |       |       |       |       ||    22
       Leather armour    |    20 |    14 |       |       |       ||    34
       Chain mail        |       |    70 |       |       |       ||    70
       Plate armour      |       |    17 |   227 |    73 |       ||   317
       Ring mail         |       |       |       |   155 |   324 ||   479
Dodge: Dodged            |    94 |    82 |   157 |   373 |   643 ||  1349
